AoeStats
← LittleChaosed

Fortress

510137327Analyzed
2v2 RM · 20h ago on Sep 29, 2026· 36m 35s· 4 players
Game mode
Random Map
Map size
Normal (6 player)
Population
200
Speed
Normal
Resources
Standard
Victory
Conquest
Starting age
Dark Age
Ending age
Imperial Age
RankedLock teamsTeams togetherTeam positionsShared explorationLock speedFull tech treeHidden civsTurbo modeCheats
Victory
Defeat
🇩🇪 Vietnamese · Germany
749
+15
🇫🇷 Hindustanis · France
683
+27
🇷🇺 Khmer · Russia
726
-16
🇷🇺 Hindustanis · Russia
710
-16
LaTorche67
7:22 Feudal Age
14:46 Castle Age
13:05 Man-at-Arms
19:16 Crossbowman
19:17 Elite Skirmisher
21:16 Long Swordsman
29:14 Imperial Age
29:08 Scale Mail Armor
29:14 Scale Barding Armor
32:17 Two-Handed Swordsman
LittleChaosed
6:56 Feudal Age
9:12 Horse Collar
10:07 Loom
10:49 Forging
11:30 Double-Bit Axe
13:11 Wheelbarrow
18:13 Castle Age
17:43 Wheelbarrow
16:54 Town Watch
18:35 Scale Mail Armor
18:25 Fletching
18:36 Padded Archer Armor
19:22 Bow Saw
18:35 Crossbowman
18:41 Crossbowman
20:26 Iron Casting
20:51 Bodkin Arrow
23:06 Thumb Ring
24:31 Bloodlines
24:21 Husbandry
26:47 Heavy Plow
28:25 Ballistics
29:21 Hand Cart
29:46 Leather Archer Armor
30:04 Scale Barding Armor
34:02 Imperial Age
33:48 Chain Mail Armor
33:53 Chain Barding Armor
33:49 Gold Mining
34:26 Arbalester
36:10 Cavalier
Лок’тар огар!
7:45 Feudal Age
12:18 Castle Age
18:54 Double-Bit Axe
19:47 Bow Saw
20:26 Wheelbarrow
21:45 Hand Cart
27:11 Stone Mining
27:14 Gold Mining
28:55 Town Watch
29:48 Gold Shaft Mining
29:50 Stone Shaft Mining
29:51 Town Patrol
29:44 Elite Skirmisher
34:53 Imperial Age
32:38 Pikeman
33:51 Horse Collar
34:29 Arson
Snigovik
9:42 Feudal Age
14:11 Scale Mail Armor
14:21 Forging
16:17 Wheelbarrow
15:27 Loom
15:29 Town Watch
17:58 Castle Age
20:33 Chain Mail Armor
20:54 Iron Casting
22:07 Squires
21:27 Pikeman
21:29 Man-at-Arms
24:35 Loom
26:11 Wheelbarrow
27:35 Grand Trunk Road
31:38 Coinage
31:09 Caravan
Connection lost

Rejoining the realm…

Still unreachable

The connection could not be restored.

Session expired

The server has moved on; the page needs a fresh start.